| TOP OF THE 1ST |
|
Pittsburgh Pirates batting - Pitching for Houston Astros : LHP George H Stone
|
|
Pitching: LHP George H Stone
|
|
|
Batting: RHB Dan Gladden
|
0-0: Ball 1-0: Reached on error, E4 (Groundball, 4, EV 87.5 MPH)
|
|
Batting: LHB Terry Whitfield
|
0-0: Ball 1-0: Called Strike 1-1: Ball 2-1: Called Strike 2-2: Fielders Choice at 2nd, 5-4 (Groundball, 5, EV 90.0 MPH)
|
|
Batting: RHB Rennie Stennett
|
0-0: Ball 1-0: Called Strike 1-1: Called Strike 1-2: 2-RUN HOME RUN (Flyball, 7D, EV 98.1 MPH), Distance : 380 ft
|
|
Batting: LHB Greg Walker
|
0-0: Ball 1-0: Ground out 6-3 (Groundball, 6, EV 80.0 MPH)
|
|
Batting: SHB Chili Davis
|
0-0: Ball 1-0: SINGLE (Flyball, 89S, EV 88.1 MPH)
|
|
Batting: RHB William Max
|
0-0: Called Strike 0-1: Ball 1-1: Ball 2-1: Foul Ball, location: 2F 2-2: Fielders Choice at 2nd, 6-4 (Groundball, 6, EV 84.4 MPH)
|
| Top of the 1st over - 2 runs, 2 hits, 1 error, 1 left on base; Pittsburgh 2 - Houston 0 |
| BOTTOM OF THE 1ST |
|
Houston Astros batting - Pitching for Pittsburgh Pirates : LHP Juan Agosto
|
|
Pitching: LHP Juan Agosto
|
|
|
Batting: RHB Mickey Hatcher
|
0-0: Ball 1-0: Fly out, F9 (Flyball, 89S, EV 90.6 MPH)
|
|
Batting: SHB Tom Herr
|
0-0: Fly out, F4 (Popup, 3S, EV 85.6 MPH)
|
|
Batting: RHB Julio Franco
|
0-0: Ball 1-0: Swinging Strike 1-1: Ball 2-1: Swinging Strike 2-2: Ball 3-2: Foul Ball, location: 2F 3-2: Base on Balls
|
|
Batting: RHB Zail Smith
|
0-0: Swinging Strike 0-1: Ball 1-1: Ball 2-1: Foul Ball, location: 2F 2-2: Fly out, F9 (Flyball, 9LS, EV 76.9 MPH)
|
| Bottom of the 1st over - 0 runs, 0 hits, 0 errors, 1 left on base; Pittsburgh 2 - Houston 0 |
| TOP OF THE 2ND |
|
Pittsburgh Pirates batting - Pitching for Houston Astros : LHP George H Stone
|
|
Batting: SHB Ron Oester
|
0-0: Called Strike 0-1: Ball 1-1: Ground out 5-3 (Groundball, 5, EV 85.6 MPH)
|
|
Batting: LHB Craig Barnes
|
0-0: Foul Ball, location: 2F 0-1: Ball 1-1: Ball 2-1: Ground out U3 (Groundball, 3, EV 86.3 MPH)
|
|
Batting: LHB Juan Agosto
|
0-0: Called Strike 0-1: Called Strike 0-2: Strikes out swinging
|
| Top of the 2nd over - 0 runs, 0 hits, 0 errors, 0 left on base; Pittsburgh 2 - Houston 0 |
| BOTTOM OF THE 2ND |
|
Houston Astros batting - Pitching for Pittsburgh Pirates : LHP Juan Agosto
|
|
Batting: LHB Steve Kemp
|
0-0: Ball 1-0: Foul Ball, location: 2F 1-1: Foul Ball, location: 2F 1-2: Ground out 1-3 (Groundball, 34S, EV 68.8 MPH)
|
|
Batting: RHB John Castino
|
0-0: Fly out, F8 (Flyball, 89M, EV 98.1 MPH)
|
|
Batting: LHB Jerry Narron
|
0-0: Called Strike 0-1: Called Strike 0-2: Ball 1-2: SINGLE (Groundball, 56D, EV 103.1 MPH)
|
|
Batting: RHB Ron Tingley
|
0-0: Fielders Choice at 2nd, 6-4 (Groundball, 6, EV 99.4 MPH)
|
| Bottom of the 2nd over - 0 runs, 1 hit, 0 errors, 1 left on base; Pittsburgh 2 - Houston 0 |
| TOP OF THE 3RD |
|
Pittsburgh Pirates batting - Pitching for Houston Astros : LHP George H Stone
|
|
Batting: RHB Dan Gladden
|
0-0: Ball 1-0: Fly out, F9 (Flyball, 9, EV 90.0 MPH)
|
|
Batting: LHB Terry Whitfield
|
0-0: Called Strike 0-1: Foul Ball, location: 2F 0-2: Strikes out swinging
|
|
Batting: RHB Rennie Stennett
|
0-0: Ball 1-0: Fly out, F7 (Line Drive, 8LM, EV 96.3 MPH)
|
| Top of the 3rd over - 0 runs, 0 hits, 0 errors, 0 left on base; Pittsburgh 2 - Houston 0 |
| BOTTOM OF THE 3RD |
|
Houston Astros batting - Pitching for Pittsburgh Pirates : LHP Juan Agosto
|
|
Batting: LHB George H Stone
|
0-0: Ground out U3 (Groundball, 34, EV 85.0 MPH)
|
|
Batting: RHB Mickey Hatcher
|
0-0: Fly out, F7 (Flyball, 78M, EV 82.5 MPH)
|
|
Batting: SHB Tom Herr
|
0-0: Ball 1-0: Foul Ball, location: 2F 1-1: Ball 2-1: Fly out, F9 (Line Drive, 9D, EV 83.8 MPH)
|
| Bottom of the 3rd over - 0 runs, 0 hits, 0 errors, 0 left on base; Pittsburgh 2 - Houston 0 |
| TOP OF THE 4TH |
|
Pittsburgh Pirates batting - Pitching for Houston Astros : LHP George H Stone
|
|
Batting: LHB Greg Walker
|
0-0: Ball 1-0: Fly out, F9 (Flyball, 9, EV 90.0 MPH)
|
|
Batting: SHB Chili Davis
|
0-0: Called Strike 0-1: Called Strike 0-2: Ball 1-2: Foul Ball, location: 2F 1-2: Foul Ball, location: 2F 1-2: SINGLE (Groundball, 56S, EV 71.3 MPH) (infield hit)
|
|
Batting: RHB William Max
|
0-0: Ball 1-0: Foul Ball, location: 2F 1-1: Fly out, F8 (Flyball, 8LXD, EV 106.3 MPH)
|
|
Batting: SHB Ron Oester
|
0-0: Called Strike 0-1: Ground out 4-3 (Groundball, 4, EV 88.8 MPH)
|
| Top of the 4th over - 0 runs, 1 hit, 0 errors, 1 left on base; Pittsburgh 2 - Houston 0 |
| BOTTOM OF THE 4TH |
|
Houston Astros batting - Pitching for Pittsburgh Pirates : LHP Juan Agosto
|
|
Batting: RHB Julio Franco
|
0-0: Ball 1-0: Foul Ball, location: 2F 1-1: TRIPLE (Flyball, 78XD, EV 102.5 MPH)
|
|
Batting: RHB Zail Smith
|
0-0: Called Strike 0-1: Ball 1-1: Ball 2-1: Swinging Strike 2-2: Ball Wild Pitch! Julio Franco scores 3-2: Base on Balls
|
|
Batting: LHB Steve Kemp
|
0-0: Ball 1-0: Ball 2-0: Ball 3-0: Called Strike 3-1: Called Strike 3-2: Foul Ball, location: 2F 3-2: Foul Ball, location: 2F 3-2: Foul Ball, location: 2F 3-2: Foul Ball, location: 2F 3-2: Strikes out swinging
|
|
Batting: RHB John Castino
|
0-0: Ball 1-0: Called Strike 1-1: Grounds into double play, 6-4-3 (Groundball, 6, EV 80.6 MPH)
|
| Bottom of the 4th over - 1 run, 1 hit, 0 errors, 0 left on base; Pittsburgh 2 - Houston 1 |
| TOP OF THE 5TH |
|
Pittsburgh Pirates batting - Pitching for Houston Astros : LHP George H Stone
|
|
Pitching: RHP Reggie Cleveland
|
|
|
Batting: LHB Craig Barnes
|
0-0: Ball 1-0: Called Strike 1-1: Ball 2-1: Ball 3-1: Base on Balls
|
|
Pinch Hitting: LHB Jared Martin
|
0-0: Bunt - Flyout to 25! F5
|
|
Batting: RHB Dan Gladden
|
0-0: SINGLE (Groundball, 34D, EV 96.9 MPH) Craig Barnes to second Runner from 2nd tries for 3rd, SAFE, throw by RF made to third
|
|
Batting: LHB Terry Whitfield
|
0-0: Called Strike 0-1: Ball Dan Gladden is caught stealing 2nd base 2-6 1-1: Ball 2-1: Ground out 4-3 (Groundball, 34, EV 103.8 MPH)
|
| Top of the 5th over - 0 runs, 1 hit, 0 errors, 1 left on base; Pittsburgh 2 - Houston 1 |
| BOTTOM OF THE 5TH |
|
Houston Astros batting - Pitching for Pittsburgh Pirates : LHP Juan Agosto
|
|
Pitching: RHP Brian Kingman
|
|
|
Batting: LHB Jerry Narron
|
0-0: Ball 1-0: Called Strike 1-1: SINGLE (Flyball, 8RS, EV 100.0 MPH)
|
|
Batting: RHB Ron Tingley
|
0-0: Swinging Strike 0-1: Ball 1-1: Ball Jerry Narron steals 2nd base 2-1: Foul Ball, location: 2F 2-2: Ball 3-2: Strikes out swinging
|
|
Batting: RHB Reggie Cleveland
|
0-0: Swinging Strike 0-1: Ball 1-1: Called Strike 1-2: Strikes out swinging
|
|
Batting: RHB Mickey Hatcher
|
0-0: Foul Ball, location: 2F 0-1: Foul Ball, location: 2F 0-2: Ball 1-2: Ball 2-2: Foul Ball, location: 2F 2-2: Foul Ball, location: 2F 2-2: Ground out 5-3 (Groundball, 56S, EV 65.6 MPH)
|
| Bottom of the 5th over - 0 runs, 1 hit, 0 errors, 1 left on base; Pittsburgh 2 - Houston 1 |
| TOP OF THE 6TH |
|
Pittsburgh Pirates batting - Pitching for Houston Astros : RHP Reggie Cleveland
|
|
Batting: RHB Rennie Stennett
|
0-0: Called Strike 0-1: Ball 1-1: Ball 2-1: Called Strike 2-2: Fly out, F8 (Flyball, 89XD, EV 101.9 MPH)
|
|
Batting: LHB Greg Walker
|
0-0: Ball 1-0: Ball 2-0: Foul Ball, location: 2F 2-1: Foul Ball, location: 2F 2-2: Fly out, F9 (Flyball, 9D, EV 105.0 MPH)
|
|
Batting: SHB Chili Davis
|
0-0: Called Strike 0-1: Ball 1-1: Ground out 4-3 (Groundball, 4, EV 85.6 MPH)
|
| Top of the 6th over - 0 runs, 0 hits, 0 errors, 0 left on base; Pittsburgh 2 - Houston 1 |
| BOTTOM OF THE 6TH |
|
Houston Astros batting - Pitching for Pittsburgh Pirates : RHP Brian Kingman
|
|
Batting: SHB Tom Herr
|
0-0: Called Strike 0-1: Foul Ball, location: 2F 0-2: Foul Ball, location: 2F 0-2: Fly out, F8 (Flyball, 8RM, EV 90.6 MPH)
|
|
Batting: RHB Julio Franco
|
0-0: Ball 1-0: Ball 2-0: Foul Ball, location: 2F 2-1: Foul Ball, location: 2F 2-2: Ball 3-2: Base on Balls
|
|
Batting: RHB Zail Smith
|
0-0: Swinging Strike 0-1: Ball 1-1: Ball 2-1: Reached on error, E5 (Groundball, 56S, EV 78.8 MPH) Julio Franco to second
|
|
Batting: LHB Steve Kemp
|
0-0: Called Strike 0-1: Called Strike 0-2: Ball 1-2: Foul Ball, location: 2F 1-2: Ball 2-2: Fly out, F9 (Flyball, 9, EV 90.0 MPH)
|
|
Batting: RHB John Castino
|
0-0: Ball 1-0: Foul Ball, location: 2F 1-1: Ball 2-1: Foul Ball, location: 2F 2-2: Fly out, F8 (Line Drive, 8RM, EV 90.6 MPH)
|
| Bottom of the 6th over - 0 runs, 0 hits, 1 error, 2 left on base; Pittsburgh 2 - Houston 1 |
| TOP OF THE 7TH |
|
Pittsburgh Pirates batting - Pitching for Houston Astros : RHP Reggie Cleveland
|
|
Batting: RHB William Max
|
0-0: Called Strike 0-1: Foul Ball, location: 2F 0-2: Ball 1-2: DOUBLE (Line Drive, 7LM, EV 99.4 MPH)
|
|
Batting: SHB Ron Oester
|
0-0: DOUBLE (Groundball, 3L, EV 102.5 MPH) William Max scores
|
|
Batting: LHB Craig Barnes
|
0-0: Called Strike 0-1: Ball 1-1: Foul Ball, location: 2F 1-2: SINGLE (Groundball, 6MD, EV 104.4 MPH) Ron Oester to third Runner from 3rd tries for Home, SAFE, throw by CF to home
|
|
Pinch Hitting: LHB Robert Lopez
|
0-0: Ball 1-0: Bunt missed! 1-1: Ball 2-1: Bunt missed! 2-2: Ball 3-2: Foul Ball, location: 2F 3-2: 2-RUN HOME RUN (Flyball, 8LXD, EV 98.8 MPH), Distance : 469 ft
|
|
Pitching: RHP Victor Sanchez
|
|
|
Pinch Hitting: RHB Dave Bialas
|
0-0: Foul Ball, location: 2F 0-1: Foul Ball, location: 2F 0-2: Foul Ball, location: 2F 0-2: Foul Ball, location: 2F 0-2: Strikes out swinging
|
|
Pinch Hitting: SHB John Shelby
|
0-0: Ball 1-0: Ball 2-0: Ball 3-0: Foul Ball, location: 2F 3-1: Called Strike 3-2: Foul Ball, location: 2F 3-2: Foul Ball, location: 2F 3-2: Strikes out swinging
|
|
Pinch Hitting: RHB Greg Schultz
|
0-0: Ball 1-0: Ball 2-0: Foul Ball, location: 2F 2-1: Called Strike 2-2: Strikes out looking
|
| Top of the 7th over - 4 runs, 4 hits, 0 errors, 0 left on base; Pittsburgh 6 - Houston 1 |
| BOTTOM OF THE 7TH |
|
Houston Astros batting - Pitching for Pittsburgh Pirates : RHP Brian Kingman
|
|
Pitching: LHP Larry Edwards
|
|
|
Now at 2B: Robert Lopez
|
|
|
Now in LF: Alex Campos
|
|
|
Now in CF: John Shelby
|
|
|
Batting: LHB Jerry Narron
|
0-0: Called Strike 0-1: Ball 1-1: Called Strike 1-2: Fly out, F7 (Line Drive, 7, EV 101.3 MPH)
|
|
Batting: RHB Ron Tingley
|
0-0: Foul Ball, location: 2F 0-1: SOLO HOME RUN (Flyball, 7D, EV 104.4 MPH), Distance : 382 ft
|
|
Pinch Hitting: SHB Bill D Doran
|
0-0: Called Strike 0-1: Ball 1-1: Ball 2-1: Ground out 6-3 (Groundball, 6, EV 90.6 MPH)
|
|
Pinch Hitting: LHB George Vukovich
|
0-0: Ball 1-0: Ball 2-0: Called Strike 2-1: Ball 3-1: Called Strike 3-2: Base on Balls
|
|
Pinch Hitting: RHB Ricky Adams
|
0-0: Ball 1-0: Called Strike 1-1: Ball 2-1: DOUBLE (Line Drive, 89M, EV 110.0 MPH) George Vukovich to third Runner from 3rd tries for Home, SAFE, throw by CF to trailing runner, SAFE at third!
|
|
Pinch Hitting: RHB Danny Jasso
|
0-0: Called Strike 0-1: Ball 1-1: Ball 2-1: Ball Passed Ball! Ricky Adams scores 3-1: Base on Balls
|
|
Pitching: RHP Mark Lemongello
|
|
|
Batting: RHB Zail Smith
|
0-0: Ball Wild Pitch! Danny Jasso to second 1-0: Called Strike 1-1: Foul Ball, location: 2F 1-2: Foul Ball, location: 2F 1-2: Ball 2-2: Ball 3-2: Foul Ball, location: 2F 3-2: SINGLE (Groundball, 15S, EV 75.0 MPH) (infield hit) Danny Jasso to third
|
|
Pinch Hitting: SHB Christopher Clark
|
0-0: Ball Pickoff Throw to First - Error! E1 Danny Jasso scores Zail Smith to second 1-0: Fly out, F8 (Line Drive, 8RM, EV 97.5 MPH)
|
| Bottom of the 7th over - 4 runs, 3 hits, 1 error, 1 left on base; Pittsburgh 6 - Houston 5 |
| TOP OF THE 8TH |
|
Pittsburgh Pirates batting - Pitching for Houston Astros : RHP Victor Sanchez
|
|
Pitching: LHP Richard Thompson
|
|
|
Now at 1B: George Vukovich
|
|
|
Now at 2B: Ricky Adams
|
|
|
Now at SS: Danny Jasso
|
|
|
Now in RF: Christopher Clark
|
|
|
Pinch Hitting: RHB Jim Maler
|
0-0: Foul Ball, location: 2F 0-1: Ball 1-1: Fly out, F9 (Flyball, 9D, EV 90.6 MPH)
|
|
Batting: SHB Chili Davis
|
0-0: Ball 1-0: Called Strike 1-1: Ball 2-1: Ball 3-1: Base on Balls
|
|
Batting: RHB William Max
|
0-0: Called Strike 0-1: Ball 1-1: Foul Ball, location: 2F 1-2: Strikes out swinging
|
|
Batting: SHB Ron Oester
|
0-0: Called Strike 0-1: Ball 1-1: Foul Ball, location: 2F 1-2: Strikes out swinging
|
| Top of the 8th over - 0 runs, 0 hits, 0 errors, 1 left on base; Pittsburgh 6 - Houston 5 |
| BOTTOM OF THE 8TH |
|
Houston Astros batting - Pitching for Pittsburgh Pirates : RHP Mark Lemongello
|
|
Now at 1B: Jim Maler
|
|
|
Pinch Hitting: RHB Nick Esasky
|
0-0: Called Strike 0-1: Foul Ball, location: 2F 0-2: Strikes out swinging
|
|
Batting: LHB Jerry Narron
|
0-0: Ball 1-0: Called Strike 1-1: Ground out 6-3 (Groundball, 6, EV 87.5 MPH)
|
|
Batting: RHB Ron Tingley
|
0-0: Swinging Strike 0-1: Fly out, F7 (Line Drive, 7, EV 102.5 MPH)
|
| Bottom of the 8th over - 0 runs, 0 hits, 0 errors, 0 left on base; Pittsburgh 6 - Houston 5 |
| TOP OF THE 9TH |
|
Pittsburgh Pirates batting - Pitching for Houston Astros : LHP Richard Thompson
|
|
Now at 3B: Nick Esasky
|
|
|
Pinch Hitting: RHB Jorge Martinez
|
0-0: Ground out 4-3 (Groundball, 4, EV 93.1 MPH)
|
|
Batting: LHB Robert Lopez
|
0-0: Ball 1-0: Called Strike 1-1: Ball 2-1: SINGLE (Line Drive, 8LS, EV 105.6 MPH)
|
|
Batting: LHB Alex Campos
|
0-0: Called Strike 0-1: Swinging Strike 0-2: Strikes out swinging
|
|
Batting: SHB John Shelby
|
0-0: Fly out, F8 (Line Drive, 8RM, EV 90.0 MPH)
|
| Top of the 9th over - 0 runs, 1 hit, 0 errors, 1 left on base; Pittsburgh 6 - Houston 5 |
| BOTTOM OF THE 9TH |
|
Houston Astros batting - Pitching for Pittsburgh Pirates : RHP Mark Lemongello
|
|
Now in RF: Jorge Martinez
|
|
|
Pinch Hitting: RHB Dave Valle
|
0-0: Swinging Strike 0-1: Ball 1-1: Foul Ball, location: 2F 1-2: Foul Ball, location: 2F 1-2: Ball 2-2: Fly out, F8 (Flyball, 8RXD, EV 99.4 MPH)
|
|
Batting: LHB George Vukovich
|
0-0: Ball 1-0: Foul Ball, location: 2F 1-1: SINGLE (Groundball, 34D, EV 103.1 MPH)
|
|
Batting: RHB Ricky Adams
|
0-0: Grounds out, U3 (Groundball, 3L, EV 77.5 MPH)
|
|
Pinch Hitting: RHB Tim Tolman
|
0-0: Ball 1-0: Ball 2-0: DOUBLE (Line Drive, 89D, EV 110.6 MPH) George Vukovich scores
|
|
Batting: RHB Zail Smith
|
0-0: Called Strike 0-1: Ball 1-1: Foul Ball, location: 2F 1-2: 2-RUN HOME RUN (Flyball, 7D, EV 105.6 MPH), Distance : 393 ft
|
| Bottom of the 9th over - 3 runs, 3 hits, 0 errors, 0 left on base; Pittsburgh 6 - Houston 8 |
|